Cogmind - Beta 14 @@@ ROGUE MODE // 2024.10.26 @ 04:49:36 Player: Pitt Result: Destroyed by Y-45 Defender with Beam Rifle Performance ------------- Evolutions (2) 1000 Regions Visited (3) 600 Robots Destroyed (59) 295 Value Destroyed (1128) 1128 Prototype IDs (1) 20 Alien Tech Used (0) 0 Bonus (51) 51 TOTAL SCORE: 3094 Bonus ------- High Alert Combat Kills 51 Cogmind --------- Core Integrity 0/550 Matter 152/300 Energy 79/100 System Corruption 0% Temperature Cool (18) Movement Core (250) Ox4 Location -8/Materials Parts ------- > --- POWER (1) -------- (None) > --- PROPULSION (3) --- (None) > --- UTILITY (5) ------ Medium Storage Unit Terrain Scan Processor Improved Targeting Computer > --- WEAPON (2) ------- Pulse Rifle > --- INVENTORY (10) --- Medium Storage Unit Structural Scanner Faulty Advanced Beam Rifle Datajack Peak State ------------ > --- POWER ------------ Ion Engine > --- PROPULSION ------- Wheel Wheel > --- UTILITY ---------- Small Storage Unit Improved Terrain Scanner Terrain Scan Processor Improved Targeting Computer > --- WEAPON ----------- Advanced Beam Rifle Heavy Assault Rifle > --- INVENTORY -------- Small Storage Unit Structural Scanner Seismic Detector Advanced Beam Rifle Shotgun Shotgun Grenade Launcher Datajack [Rating: 18] Favorites ----------- Power Ion Engine Engine Ion Engine Power Core Light Nuclear Core Propulsion Wheel Leg Aluminum Leg Wheel Wheel Utility Improved Terrain Scanner Device Improved Terrain Scanner Storage Small Storage Unit Processor Terrain Scan Processor Protection Core Shielding Weapon Advanced Beam Rifle Energy Gun Advanced Beam Rifle Ballistic Gun Heavy Assault Rifle Ballistic Cannon Flak Cannon Launcher Grenade Launcher Special Weapon Mining Laser Special Melee Weapon Datajack Build | -11 -10 -9 -8 ------- Run | Yrd Mat Mat Mat Slots Evolved 4 | . . 2 2 Power . | . . . . Propulsion 1 | . . . 1 Utility 3 | . . 2 1 Weapon . | . . . . Parts Attached 56 | 6 17 22 11 Power 5 | 1 2 1 1 Engine 4 | 1 2 1 . Core 1 | . . . 1 Reactor . | . . . . Propulsion 13 | 2 8 1 2 Treads . | . . . . Leg 2 | . 2 . . Wheel 11 | 2 6 1 2 Hover . | . . . . Flight . | . . . . Utility 10 | 2 . 6 2 Device 3 | 1 . 1 1 Storage 2 | 1 . 1 . Processor 3 | . . 3 . Hackware . | . . . . Protection 2 | . . 1 1 Artifact . | . . . . Weapon 28 | 1 7 14 6 Energy Gun 5 | . 1 3 1 Energy Cannon . | . . . . Ballistic Gun 12 | 1 3 6 2 Ballistic Cannon 1 | . . . 1 Launcher 7 | . 2 4 1 Special Weapon 2 | . 1 1 . Impact Weapon . | . . . . Slashing Weapon . | . . . . Piercing Weapon . | . . . . Special Melee Weapon 1 | . . . 1 Unidentified Prototypes 1 | . . 1 . Corrupted Parts 2 | . 2 . . System Corruption 20 | . 20 . . Parts Lost 19 | . 3 3 13 Power 3 | . 1 . 2 Propulsion 5 | . 1 1 3 Utility 4 | . . 1 3 Weapon 7 | . 1 1 5 Highest Loss Streak 9 | . 2 1 9 To Critical Strikes . | . . . . Average Slot Usage (%) 85 | . 85 91 71 Engine 10 | . 13 11 5 Wheel 17 | . 23 16 7 Device 14 | . 14 14 14 Storage 11 | . 14 11 9 Processor 10 | . . 14 18 Protection 1 | . . 1 2 Energy Gun 4 | . . 7 5 Ballistic Gun 11 | . 15 11 5 Special Weapon 1 | . . 1 . Peak Build Rating 18 | 8 11 18 18 Average Rating 12 | 5 8 15 14 On Entrance 9 | . 8 11 17 Naked Turns . | . . . . Heaviest Build 23 | 11 17 23 22 Greatest Support 20 | 20 20 20 20 Greatest Overweight (x) 5 | . 3 2 5 Average Overweight (x) . | . . 1 . Largest Inventory Capacity 10 | 8 8 10 10 Average Capacity 8 | 7 8 8 10 Most Carried 9 | 8 8 9 8 Average Carried 7 | 4 7 7 6 Final Capacity 10 | 8 8 10 10 Final Carried 9 | 8 8 9 4 Class Distribution -------------------- 50% | Mutant 49% | Scavenger-Mutant Dominant Class ---------------- Mutant | -10/Materials Scavenger-Mutant | -9/Materials Scavenger-Mutant | -8/Materials Resources | -11 -10 -9 -8 ----------- Run | Yrd Mat Mat Mat Matter Collected 1132 | 314 142 554 122 Remotely . | . . . . Salvage Created 1340 | 180 261 621 278 Parts 126 | 16 32 64 14 Haulers Intercepted . | . . . . Recyclers Shooed 2 | 1 . 1 . Parts Field Recycled . | . . . . Retrieved Matter . | . . . . Parts Self-Destructed . | . . . . Prevented . | . . . . Kills | -11 -10 -9 -8 ------- Run | Yrd Mat Mat Mat Combat Hostiles Destroyed 39 | . 10 22 7 Guns 23 | . 4 15 4 Cannons 3 | . . . 3 AOE 13 | . 6 7 . Classes Destroyed 8 | 2 5 1 . Builder 5 | . 2 3 . Tunneler 7 | 5 1 1 . Recycler 3 | 1 . 1 1 Operator 3 | . 2 1 . Watcher 2 | . 1 1 . Swarmer 23 | . 6 14 3 Grunt 12 | . 4 4 4 Sentry 4 | . . 4 . Best Kill Streak 11 | 3 3 11 4 Combat Bots Only 10 | . 3 10 4 Max Kills in Single Turn 3 | 1 3 2 1 Gunslinging . | . . . . Exploded 3 | . 3 2 . Melee . | . . . . Uniques/NPCs Destroyed . | . . . . Combat | -11 -10 -9 -8 -------- Run | Yrd Mat Mat Mat Hostile Shots Fired 255 | . 28 98 129 Missed 73 | . 11 26 36 Damage Taken 2614 | . 429 794 1391 Core 892 | . 189 147 556 Absorbed by Shields . | . . . . Redirected to Shielding 50 | . . . 50 Regen/Repaired (Parts) 54 | . 20 34 . Core Remaining (%) 62 | 100 24 63 . Volleys Fired 182 | 18 52 73 39 Largest 2 | 1 2 2 2 Hottest 100 | 20 60 100 63 Shots Fired 216 | 18 57 99 42 Gun 186 | 18 51 86 31 Cannon 10 | . . . 10 Launcher 13 | . 6 6 1 Special 7 | . . 7 . Kinetic 129 | 18 47 36 28 Thermal 70 | . . 57 13 Explosive 13 | . 6 6 1 Electromagnetic 4 | . 4 . . Robot Hit Streak 16 | 4 7 14 16 Robot Miss Streak 5 | 1 3 5 3 Penetration Max . | . . . . Secondary Targets 2 | . 1 1 . Max Gunslinging Chain 1 | . 1 1 . Shots Hit Robots 152 | 14 39 60 39 Core Hits 88 | 7 22 33 26 Critical Kills . | . . . . Critical Parts Destroyed . | . . . . Critical Strikes 3 | . . 2 1 Burn 3 | . . 2 1 Melee Attacks 3 | . . . 3 Impact . | . . . . Slashing . | . . . . Piercing . | . . . . Sneak Attacks 3 | . . . 3 Combat Hostiles . | . . . . Follow-up Attacks . | . . . . Damage Inflicted 3790 | 181 977 1847 785 Guns 2177 | 181 453 1077 466 Cannons 153 | . . . 153 Explosions 1407 | . 524 717 166 Melee . | . . . . Ramming 5 | . . 5 . Kinetic 1417 | 181 413 397 426 Thermal 1046 | . 125 728 193 Explosive 1282 | . 399 717 166 Electromagnetic 40 | . 40 . . Impact . | . . . . Slashing . | . . . . Piercing . | . . . . Highest Corruption 21 | . 21 1 . Average Corruption 8 | . 18 1 . Corruption Purged . | . . . . Corruption Blocked . | . . . . Effects 17 | . 12 5 . Message Errors 2 | . . 2 . Matter Fused 6 | . 5 1 . Heat Flow Errors 1 | . 1 . . Data Loss (minor) 2 | . 2 . . Data Loss (major) 3 | . 3 . . Misfires 2 | . 1 1 . Weapon Failures 1 | . . 1 . Overload Shots . | . . . . Overflow Damage 20 | . 1 19 . Projectiles . | . . . . Explosions 20 | . 1 19 . Melee . | . . . . Knockbacks 5 | . . . 5 Impact . | . . . . Kinetic 5 | . . . 5 Secondary . | . . . . Self-Inflicted Damage 217 | . 182 2 33 Shots 5 | . 4 . 1 Rammed 3 | . . 3 . Targets Rammed 3 | . . 3 . Kicked . | . . . . Crushed . | . . . . Highest Temperature 196 | . 102 196 104 Average Temperature 50 | . 40 54 31 Received Heat Transfer 759 | . 81 237 441 Siege Activations . | . . . . Robots Corrupted . | . . . . Combat Hostiles . | . . . . Parts Fried . | . . . . Impact Corruptions . | . . . . Robots Melted . | . . . . Combat Hostiles . | . . . . Parts Melted 5 | . . 5 . Heat Transferred 2050 | . 100 1506 444 Parts Sabotaged . | . . . . Parts Stolen . | . . . . Parts Stripped . | . . . . Power Chain Reactions 1 | . 1 . . Alert | -11 -10 -9 -8 ------- Run | Yrd Mat Mat Mat Peak Influence 618 | 30 358 618 419 Initial 226 | . 19 117 226 Average 256 | 12 215 317 260 Maximum Alert Level 2 | . 1 2 2 Low Security (%) 38 | 100 36 45 . Level 1 40 | . 63 10 95 Level 2 20 | . . 43 4 Level 3 . | . . . . Level 4 . | . . . . Level 5 . | . . . . High Security . | . . . . Max Security . | . . . . Squads Dispatched 9 | . 2 4 3 Investigation 1 | . . 1 . Extermination . | . . . . Reinforcement 8 | . 2 3 3 Assault . | . . . . Garrison . | . . . . Intercept . | . . . . Searches Triggered . | . . . . Construction Impeded 3 | . . 2 1 Haulers Reinforced . | . . . . Active Scanning Responses . | . . . . Cargo Convoy Interrupts . | . . . . Stealth | -11 -10 -9 -8 --------- Run | Yrd Mat Mat Mat Distress Signals 6 | . 1 5 . Communications Jammed . | . . . . Distress Signals . | . . . . Times Spotted 71 | . 23 29 19 Peak Tracking Total 6 | . 5 6 6 Tactical Retreats 7 | . 1 3 3 Traps | -11 -10 -9 -8 ------- Run | Yrd Mat Mat Mat Traps Triggered 3 | . 2 1 . Indirectly . | . . . . Trap Hack Attempts . | . . . . Triggered . | . . . . Disarmed . | . . . . Reprogrammed . | . . . . Reused . | . . . . Traps Extracted . | . . . . Installed . | . . . . Triggered . | . . . . Machines | -11 -10 -9 -8 ---------- Run | Yrd Mat Mat Mat Machines Disabled 7 | . 3 3 1 Max in Single Turn 3 | . 3 1 1 Machines Repaired . | . . . . Machines Dismantled . | . . . . Machines Sabotaged . | . . . . Overloaded Fab Kills . | . . . . Hacking | -11 -10 -9 -8 --------- Run | Yrd Mat Mat Mat Machines Accessed 15 | . 7 7 1 Terminals 13 | . 6 6 1 Fabricators . | . . . . Repair Stations 2 | . 1 1 . Recycling Units . | . . . . Scanalyzers . | . . . . Garrison Access . | . . . . Total Hacks 37 | . 16 20 1 Successful 21 | . 10 11 . Failed 16 | . 6 9 1 Catastrophic 2 | . 1 1 . Database Lockouts . | . . . . Manual 27 | . 14 11 2 Terminals 33 | . 14 18 1 Fabricators . | . . . . Repair Stations 4 | . 2 2 . Recycling Units . | . . . . Scanalyzers . | . . . . Garrison Access . | . . . . Terminal Hacks 9 | . 2 7 . Terminal Index 1 | . 1 . . Alert Level 2 | . . 2 . Locate Traps 1 | . 1 . . Security Status 1 | . . 1 . Registered Components 2 | . . 2 . Zone Layout 2 | . . 2 . Fabricator Hacks . | . . . . Repair Station Hacks 4 | . 2 2 . Scan Component 2 | . 1 1 . Repair 2 | . 1 1 . Recycling Unit Hacks . | . . . . Scanalyzer . | . . . . Garrison Access Hacks . | . . . . Unauthorized Hacks 8 | . 6 2 . Terminals 8 | . 6 2 . Track 2 | . 1 1 . Assimilate 2 | . 2 . . Botnet 3 | . 2 1 . Operators 1 | . 1 . . Fabricators . | . . . . Repair Stations . | . . . . Recycling Units . | . . . . Scanalyzers . | . . . . Garrison Access . | . . . . Data Cores Recovered . | . . . . Used . | . . . . Hacking Detections 11 | . 5 5 1 Full Trace Events 1 | . 1 . . Feedback Events . | . . . . Feedback Blocked . | . . . . Robot Schematics Acquired . | . . . . Robots Built . | . . . . Authchips . | . . . . Time . | . . . . Total Robot Build Rating . | . . . . Part Schematics Acquired . | . . . . Parts Built . | . . . . Authchips . | . . . . Time . | . . . . Total Part Build Rating . | . . . . Parts Repaired 2 | . 1 1 . Time 52 | . 26 26 . Parts Recycled . | . . . . Recycled Matter . | . . . . Retrieved Matter . | . . . . Retrieved Components . | . . . . Parts Scanalyzed . | . . . . Part Schematics Acquired . | . . . . Parts Damaged . | . . . . Bothacking | -11 -10 -9 -8 ------------ Run | Yrd Mat Mat Mat Used RIF Installer . | . . . . Robots Hacked 2 | . . . 2 Non-combat 2 | . . . 2 Combat . | . . . . Robot Hacks Applied 3 | . . . 3 no_distress 2 | . . . 2 find_recycling 1 | . . . 1 Relay Couplers Released . | . . . . Fabnet Peak Effective % . | . . . . Robots Rewired . | . . . . Allies Hacked . | . . . . Hacks Repelled . | . . . . Allies | -11 -10 -9 -8 -------- Run | Yrd Mat Mat Mat Total Allies 1 | . 1 . . Largest Group 1 | . 1 1 . Highest-Rated Group 10 | . 10 10 . Highest-Rated Ally 10 | . 10 10 . Total Orders . | . . . . Ally Attacks . | . . . . Total Damage . | . . . . Kills . | . . . . Allies Corrupted . | . . . . Allies Melted . | . . . . Intel | -11 -10 -9 -8 ------- Run | Yrd Mat Mat Mat Robot Analysis Total . | . . . . Derelict Logs Recovered . | . . . . Drone Launches . | . . . . Drone Recoveries . | . . . . Exploration | -11 -10 -9 -8 ------------- Run | Yrd Mat Mat Mat Turns Passed 2206 | 152 663 1017 374 Spaces Moved 1243 | 128 508 513 94 Core 15 | 12 1 . 2 Treads . | . . . . Legs 18 | . 18 . . Wheels 1210 | 116 489 513 92 Hover . | . . . . Flight . | . . . . Fastest Speed 50 | 50 80 80 80 Average Speed 88 | 77 82 95 97 Slowest Speed 300 | 80 200 110 300 Overloaded Moves . | . . . . Propulsion Burnouts . | . . . . Robots Hopped . | . . . . Cave-ins Triggered . | . . . . Exploration Rate (%) 30 | 5 66 37 12 Regions Visited 3 Branch Regions . Pre-discovered Areas . | . . . . Known Exits Taken . | . . . . Unknown Exits Taken 3 | 1 1 1 . Scrap Searched . | . . . . Spaces Dug 2 | . . 2 . Terrain Destroyed 128 | . 76 40 12 Melee . | . . . . Projectile 3 | . . 3 . AOE 125 | . 76 37 12 Terrain Rammed . | . . . . Walls Destroyed . | . . . . Machines Disabled . | . . . . Actions | -11 -10 -9 -8 --------- Run | Yrd Mat Mat Mat Total 2108 | 160 695 923 330 Wait 577 | . 96 299 182 Move 1240 | 127 507 512 94 Hop . | . . . . Pick Up 22 | 9 9 4 . Fast Attach 25 | 5 8 7 5 Attach 12 | 1 5 2 4 Detach 7 | . 4 3 . Swap 19 | . 4 13 2 Drop 18 | . 10 7 1 Fire 182 | 18 52 73 39 Melee 3 | . . . 3 Ram 3 | . . 3 . Kick . | . . . . Crush . | . . . . Escape Stasis . | . . . . Rewire . | . . . . Trap . | . . . . Miscellaneous . | . . . . Route ------- -11/Scrapyard -10/Materials (discovered 3 exits: *Mat x2 / [Sub]) -9/Materials -8/Materials History --------- Turn | Location | Event 6 | -11/Scrapyard | Discovered new exit (range 15) 153 | -11/Scrapyard | Entered Materials 300 | -10/Materials | Build established: Mutant 329 | -10/Materials | Discovered new exit (range 10) 470 | -10/Materials | Core integrity fell below 50% 503 | -10/Materials | System corruption reached 10% 566 | -10/Materials | Discovered new exit (range 9) 674 | -10/Materials | Discovered new exit (range 11) 762 | -10/Materials | Repaired Wheel 816 | -10/Materials | Entered another Materials area 816 | -9/Materials | Accompanied by 1 ally 816 | -9/Materials | Evolved 2 slots: Utility x2 1186 | -9/Materials | Repaired Wheel 1383 | -9/Materials | Destroyed 10 combat bots 1490 | -9/Materials | Build established: Scavenger-Mutant 1663 | -9/Materials | Discovered new exit (range 9) 1833 | -9/Materials | Entered another Materials area 1833 | -8/Materials | Evolved 2 slots: Propulsion x1, Utility x1 2088 | -8/Materials | Core integrity fell below 50% 2137 | -8/Materials | Core integrity fell below 20% 2161 | -8/Materials | Lost 9 parts (2p2n1u4w) 2207 | -8/Materials | Destroyed by Y-45 Defender with Beam Rifle Last Messages --------------- 02159_ Connecting with Terminal... 02159_ Current location identified: Materials 02170_ O-16 Technician knocked back. 02174_ H-55 Commando knocked back. 02175_ Penetrated by Slug. 02176_ H-55 Commando knocked back. 02180_ S-10 Pest knocked back. 02181_ K-01 Serf collects debris. 02181_ Penetrated by Slug. 02184_ S-10 Pest destroyed. 02185_ K-01 Serf collects debris. 02186_ S-10 Pest destroyed. 02187_ Penetrated by Slug. 02187_ Flak Cannon destroyed. 02192_ Acquired Pulse Rifle. 02200_ Slug penetrates Wall. 02203_ Seismic Detector destroyed. 02203_ Wheel destroyed. 02206_ H-55 Commando suffers critical hit (Burn). 02207_ Core Shielding destroyed. Map ----- +----------------------------------------------------+ | ###+####=########+###########??????? | | ? ## ###### #?####????????? | | #? "" ## ###### ? #?###???#???##? | | ? ""?## ###### ? ##?#????#?????? | | #! ?"## ##?###?? ###???????????? | | #? "?"?# ###### ?#??#?????????? | | ? ??? ## ####?? ? ??##???##???????? | | ??????## #??????#?#????#???????????? | | ???##??# #?#?#?#???????????????????? | | ??###### #????#??#??##?????????????? | | #### ##??????????#?????????????? | | #???#??#??????????????????? | | " #?????? ??????????????????? | | #?????????????????????????? | | /### #???? ????????????????????? | | ???### ###???? ????????????????????? | | ?????# #?????# ????????????????????? | | ?????# #?????# ????????????????????? | | ?????# #?????# ????????##+#????????? | | ?????# #?????# ######### #????????? | | ?????# #?????# # # # #? | | ?????# #?????# # + + #? | | ?????# #?????# # # # #? | | ?????# #?????# #####+### ######???? | | ?????# #?????# = Y #???? | | ???###+#######^ %*%[ h@ #???? | | ???# /# ^ "#####+## #???? | | ???# # * T# """ #? #???? | | ???# """ """ #= "# "T" #??#???? | | ???# """ """%+* = # #??????? | | ???# "S """ # # [ #??????? | | ???# """ ##+### # !#??????? | | ???# "" #????# # #??????? | | ???# #????+ ########??????? | | ???###########????# #?????????????? | | ??????????????????# #?????????????? | | ??????????????????? #?????????????? | | ??????????????????? #?????????????? | | ??????????????????? #?????????????? | | ??????????????????? #?????????????? | | ??????????????????? ??????????????? | | ??????????????????? ??????????????? | | ???????????????????????????????????? | | ???????????????????????????????????? | | ???????????????????????????????????? | | ???????????????????????????????????? | | ???????????????????????????????????? | | ???????????????????????????????????? | | ???????????????????????????????????? | | ???????????????????????????????????? | +----------------------------------------------------+ Best States ------------- Heat Dissipation 31 Energy Generation 14 Energy Capacity 250 Matter Stores 300 Matter Capacity 300 Sight Range 16 Terrain Scan Range 16 Terrain Scan Density 85 ECM Strength 1 Armor Coverage 225 Core Shielding 20 Evasion (%) 55 Targeting Accuracy 6 Item Schematics ----------------- None Robot Schematics ------------------ None Fabricated ------------ Nothing Alien Tech Used ----------------- None Achievements -------------- None Challenges ------------ None Game ------ Seed CentriumScrapCore Manual? 0 Play Time 00:28:30 Cumulative 218.6 hours Start 2024.10.26 @ 04:24:49 End 2024.10.26 @ 04:49:36 Sessions 1 Manual Loads 0 Difficulty Rogue Special Mode None Game No. 340 Rogue 340 Adventurer 0 Explorer 0 Win Type - Total 0 Types 0/0/0/0/0/0/0/0/0 Lore% 38 Gallery% 56 Achievement% 41 Wizard Run 0 Options --------- Layout 0 ASCII 0 Keyboard 0 Movement Mouse Keybinds 0 Fullscreen 1 Font 18/SmallcapsGlow Map View 76x50 Zoom Use 0% Tactical HUD 1 Map Filters NONE Filters NONE Steam 1 RUN: b2e68661-bf4f-488c-abd4-b041cc959c5a